 Dungeon Crawl Stone Soup version 0.16.2-12-gd0ad4c3 (console) character file.

936 endege the Spear-Bearer (level 7, 0/61 HPs)
             Began as a Minotaur Fighter on Nov 26, 2015.
             Was an Initiate of Trog.
             Slain by a wight
             ... wielding a cursed +0 hand axe
              (1 damage)
             ... on level 5 of the Dungeon.
             The game lasted 00:07:06 (6022 turns).

endege the Spear-Bearer (Minotaur Fighter)          Turns: 6022, Time: 00:07:06

Health: 0/61       AC:  9    Str: 20    XL:     7   Next: 87%
Magic:  3/3        EV:  7    Int:  5    God:    Trog [......]
Gold:   273        SH:  0    Dex: 12    Spells: 0 memorised, 6 levels left

rFire  . . .     SeeInvis .     Y - +0 scythe
rCold  . . .     Clarity  .     k - +0 chain mail
rNeg   . . .     SustAb   .     (no shield)
rPois  .         Gourm    .     (helmet restricted)
rElec  .         Spirit   .     (no cloak)
rCorr  +         Warding  .     (no gloves)
rMut   .         Stasis   .     (no boots)
MR     .....                    c - amulet of resist corrosion
Stlth  ..........               (no ring)
                                (no ring)

@: lethally poisoned (0 -> -20), drained, not resistant to hostile enchantments,
extremely unstealthy
A: retaliatory headbutt, horns 2
a: Burn Spellbooks, Renounce Religion


You were on level 5 of the Dungeon.
You worshipped Trog.
Trog was noncommittal.
You were not hungry.

You visited 2 branches of the dungeon, and saw 6 of its levels.

You collected 273 gold pieces.


Innate Abilities, Weirdness & Mutations

You reflexively headbutt those who attack you in melee.
You have a pair of horns on your head.


   Skills:
 - Level 5.2(4.7) Fighting
 + Level 10.3(9.7) Polearms
 - Level 3.6(3.1) Armour
 - Level 0.2(0.0) Dodging
   Level 3.6(3.1) Shields


You had 6 spell levels left.
You didn't know any spells.

Inventory:

Hand weapons
 Y - a +0 scythe (weapon)
Armour
 k - a +0 chain mail (worn)
Jewellery
 c - an amulet of resist corrosion (around neck)
Scrolls
 m - 4 scrolls of identify
 o - 2 scrolls of remove curse
 p - a scroll of recharging
Potions
 b - 3 potions of might
Comestibles
 a - 3 chunks of flesh
 e - 2 bread rations
 h - 6 meat rations

Dungeon Overview and Level Annotations

Branches:
Dungeon (5/15)             Temple (1/1) D:5

Altars:
Ashenzari
Elyvilon
Fedhas
Gozag
Kikubaaqudgha
Makhleb
Nemelex Xobeh
Qazlal
Ru
Trog
Vehumet
Xom
Yredelemnul
Zin
The Shining One

Shops:
D:4 }*!(

Annotations:
D:3 endege's ghost, average MiFi


Message History

You feel very sick. The wight hits you but does no damage.
The wight hits you with a hand axe.
* * * LOW HITPOINT WARNING * * *
The wight hits you with an enchanted scimitar!
* * * LOW HITPOINT WARNING * * *
You feel drained.
* * * LOW HITPOINT WARNING * * *
You barely miss the wight. You headbutt the wight.
The wight is severely damaged.
* * * LOW HITPOINT WARNING * * *
You feel very sick. The wight hits you but does no damage.
The wight hits you with an enchanted scimitar.
* * * LOW HITPOINT WARNING * * *
You hit the wight.
The wight is almost destroyed.
* * * LOW HITPOINT WARNING * * *
You feel very sick. The wight hits you with a hand axe.
You die...

#..## ##....# #...##
###.....#
#....######.......#
##...........#....#
#.......######...##
######### #....#
#....## ##.....###
##........#
.#########.........#
.(..(..)@..........#
.......zz..........#
.########.........#
###.......##
###..........##
#.............##
#...............##
.................#
................#
...........<...##
.................#


You could see 2 wights.

Vanquished Creatures
  An ogre (D:5)
  Sigmund (D:2)
  A centaur (D:5)
  A scorpion (D:5)
  A wight (D:5)
  2 crimson imps (D:5)
  An orc priest (D:4)
  2 orc wizards (D:4)
  2 iguanas
  4 worker ants (D:4)
  Ijyb (D:2)
  A hound skeleton (D:5)
  11 adders
  4 gnolls (D:4)
  A shadow imp (D:4)
  3 giant mites
  2 worms
  5 giant geckos
  18 orcs
  A ball python (D:3)
  7 bats
  A bat skeleton (D:4)
  6 goblins
  11 hobgoblins
  7 jackals
  10 kobolds
  3 quokkas
  4 giant cockroaches
  3 giant newts
  11 rats
126 creatures vanquished.

Notes
Turn   | Place    | Note
--------------------------------------------------------------
     0 | D:1      | endege, the Minotaur Fighter, began the quest for the Orb.
     0 | D:1      | Reached XP level 1. HP: 19/19 MP: 1/1
     0 | D:1      | 0 ||| counter = 2
   231 | D:1      | Reached skill level 3 in Polearms
   397 | D:1      | Reached XP level 2. HP: 23/26 MP: 1/1
   581 | D:1      | 581 ||| UPGRADING to chain mail.
   592 | D:1      | 592 ||| UPGRADING to +0 scale mail.
   597 | D:1      | 597 ||| UPGRADING to chain mail.
   607 | D:1      | 607 ||| DROPPING +0 scale mail.
   608 | D:1      | 608 ||| REMOVING +0 shield.
   613 | D:1      | 613 ||| DROPPING +0 shield.
   900 | D:1      | 900 ||| READING scroll labeled FUKY CUCWE.
   901 | D:1      | 901 ||| READING 2 scrolls labeled MAYLEFE GUBBU.
   902 | D:1      | 902 ||| READING scroll labeled OZOTHR LIGUE.
   903 | D:1      | 903 ||| READING scroll labeled HEGI TWOIB.
   906 | D:1      | 906 ||| READING scroll labeled WULAUM THIFI.
   907 | D:1      | 907 ||| DROPPING scroll of amnesia.
   940 | D:2      | Reached skill level 4 in Polearms
   947 | D:2      | 947 ||| Stepping randomly (stuck).
   948 | D:2      | 948 ||| Stepping randomly (stuck).
   963 | D:2      | 963 ||| READING scroll of enchant weapon.
   963 | D:2      | 963 ||| ENCHANTING +1 trident.
   995 | D:2      | Reached XP level 3. HP: 31/31 MP: 2/2
  1058 | D:2      | Noticed Ijyb
  1080 | D:2      | Killed Ijyb
  1098 | D:2      | Found a shimmering altar of Xom.
  1117 | D:2      | Reached skill level 5 in Polearms
  1200 | D:2      | Noticed Sigmund
  1209 | D:2      | Killed Sigmund
  1209 | D:2      | Reached skill level 6 in Polearms
  1209 | D:2      | Reached XP level 4. HP: 22/39 MP: 2/2
  1209 | D:2      | Reached XP level 5. HP: 25/45 MP: 2/2
  1318 | D:2      | 1318 ||| UPGRADING to scythe.
  1319 | D:2      | 1319 ||| DROPPING +2 trident.
  1710 | D:2      | 1710 ||| READING 2 scrolls labeled COEDWI JOCO.
  1828 | D:2      | Reached skill level 7 in Polearms
  1961 | D:2      | 1961 ||| READING scroll labeled KERUH ROUSS.
  1962 | D:2      | 1962 ||| READING scroll labeled QABBEYSHRAC.
  1963 | D:2      | 1963 ||| READING 3 scrolls labeled BEJUTINASY.
  1964 | D:2      | 1964 ||| DRINKING 2 lumpy golden potions.
  1965 | D:2      | 1965 ||| DRINKING 2 metallic purple potions.
  1966 | D:2      | 1966 ||| READING 2 scrolls of identify.
  1966 | D:2      | 1966 ||| IDENTIFYING dented jade amulet
  1967 | D:2      | 1967 ||| UPGRADING to amulet of resist corrosion.
  1968 | D:2      | 1968 ||| DROPPING potion of brilliance.
  1969 | D:2      | 1969 ||| DROPPING potion of agility.
  2028 | D:3      | Noticed endege's ghost (average MiFi)
  2034 | D:3      | HP: 6/45 [endege's ghost (12)]
  2035 | D:3      | 2035 ||| READING scroll of teleportation.
  2036 | D:3      | HP: 1/45 [endege's ghost (5)]
  2817 | D:3      | 2817 ||| READING 2 scrolls of identify.
  2817 | D:3      | 2817 ||| IDENTIFYING clear potion
  2871 | D:3      | 2871 ||| Stepping randomly (stuck).
  3249 | D:3      | Reached XP level 6. HP: 50/52 MP: 3/3
  3509 | D:3      | 3509 ||| READING 5 scrolls of identify.
  3509 | D:3      | 3509 ||| IDENTIFYING fuming sapphire potion
  3510 | D:3      | 3510 ||| READING 4 scrolls of identify.
  3510 | D:3      | 3510 ||| IDENTIFYING metallic yellow potion
  3511 | D:3      | 3511 ||| DROPPING potion of poison.
  3512 | D:3      | 3512 ||| DROPPING potion of restore abilities.
  3525 | D:4      | HP: 13/52 [orc/flail (7)]
  3526 | D:4      | 3526 ||| DRINKING potion of heal wounds.
  3529 | D:4      | HP: 6/52 [orc/hand axe (4)]
  3779 | D:4      | Found Treirphao's Weapon Shop.
  3879 | D:4      | Found Iquit's Distillery.
  3894 | D:4      | Found Mnoaf's Gadget Shop.
  3962 | D:4      | 3962 ||| EATING beef jerky.
  4084 | D:4      | Reached skill level 8 in Polearms
  4172 | D:4      | Found Badan's General Store.
  4694 | D:4      | Reached XP level 7. HP: 58/60 MP: 3/3
  4987 | D:4      | Reached skill level 9 in Polearms
  5162 | D:4      | 5162 ||| READING scroll labeled SEDUF LEMEMU.
  5163 | D:4      | 5163 ||| READING scroll labeled COIREK NET.
  5164 | D:4      | 5164 ||| READING 5 scrolls of identify.
  5164 | D:4      | 5164 ||| IDENTIFYING bubbling cyan potion
  5165 | D:4      | 5165 ||| DROPPING potion of cancellation.
  5192 | D:5      | Entered Level 5 of the Dungeon
  5316 | D:5      | 5316 ||| EATING 3 bread rations.
  5463 | D:5      | HP: 6/61 [ogre/giant club (22)]
  5465 | D:5      | HP: 2/61 [ogre/giant club (5)]
  5466 | D:5      | Reached skill level 10 in Polearms
  5744 | D:5      | Found a staircase to the Ecumenical Temple.
  5753 | Temple   | Entered the Ecumenical Temple
  5754 | Temple   | 5754 ||| Entered T.
  5762 | Temple   | Became a worshipper of Trog the Wrathful
  6020 | D:5      | HP: 11/61 [wight/enchanted scimitar (5)]
  6021 | D:5      | HP: 5/61 [wight/enchanted scimitar (2)]
  6022 | D:5      | HP: 1/61 [poisoned by a wight]
  6022 | D:5      | Slain by a wight

Vault maps used:
D:1:      dpeg_arrival_oval
D:2:      nicolae_overflow_crystal_walls, minmay_quantized, uniq_iyjb,
          uniq_sigmund
D:3:      hex_tiny
D:4:      serial_shops, nicolae_shop_crystal, nicolae_shop_statue_plus, shop,
          shop
D:5:      kennysheep_mini, overflow_temple_1_default, temple_green, first_bread
Temple:   water_room_temple_a_12

Action                   |  1- 3 |  4- 6 |  7- 9 || total
-------------------------+-------+-------+-------++-------
Melee: Trident           |    72 |     1 |       ||    73
       Scythe            |       |   216 |    82 ||   298
Throw: Tomahawk          |       |    20 |    10 ||    30
  Use: Scroll            |     6 |     9 |     3 ||    18
       Potion            |       |     3 |       ||     3
  Eat: Chunk             |     1 |    10 |     1 ||    12
       Beef jerky        |       |     1 |       ||     1
       Bread ration      |       |       |     1 ||     1
